 Dungeon Crawl Stone Soup version 0.31-a0-826-ga5cc291a1b (webtiles) character file.

Game seed: 16237294725100158400

53 qw the Shooter (level 3, -5/22 HPs)
             Began as a Gargoyle Hunter on Sept 23, 2023.
             Slain by a gnoll
             ... wielding a +0 halberd
              (10 damage)
             ... on level 2 of the Dungeon.
             The game lasted 00:00:24 (1083 turns).

qw the Shooter (Gargoyle Hunter)                    Turns: 1083, Time: 00:00:25

Health: -5/22      AC:  9    Str: 14    XL:     3   Next: 89%
Magic:  3/3        EV: 10    Int:  9    God:
Gold:   69         SH:  0    Dex: 15    Spells: 2/2 levels left

rFire   + . .        Y - +0 shortbow
rCold   + . .        (shield currently unavailable)
rNeg    + . .        g - +1 ring mail {rF+}
rPois   inf          (no helmet)
rElec   +            (no cloak)
rCorr   .            (no gloves)
SInv    .            (no boots)
Will    .....        (no amulet)
Stlth   +            e - ring of protection from cold
HPRegen 0.23/turn    (no ring)
MPRegen 0.08/turn

%: no passive effects
@: no status effects
A: sickness immunity, AC +3, negative energy resistance 1, electricity
resistance, torment resistance 1, petrification resistance
a: no special abilities


You were on level 2 of the Dungeon.
You visited 1 branch of the dungeon, and saw 2 of its levels.

You collected 69 gold pieces.


Innate Abilities, Weirdness & Mutations

You are immune to sickness and miasma.
Your stone body is resilient. (AC +3)
You are immune to poison.
You resist negative energy. (rN+)
You are resistant to electric shocks. (rElec)
You are resistant to unholy torment.
You are immune to petrification.


   Skills:
 + Level 2.5 Fighting
 - Level 5.0 Ranged Weapons
 - Level 1.2 Armour
 - Level 1.5 Dodging
 - Level 1.1 Stealth


You had 2 spell levels left.
You didn't know any spells.
Your spell library was empty.

Inventory:

Hand Weapons
 Y - a +0 shortbow (weapon)
Armour
 a - the +3 leather armour of the Hot Ocelot {Str+7 Int-4}
   (You found it on level 2 of the Dungeon)

   Str+7:     It affects your strength (+7).
   Int-4:     It affects your intelligence (-4).
 b - a +0 cloak
 g - a +1 ring mail of fire resistance (worn)
Jewellery
 e - a ring of protection from cold (left hand)
 f - an amulet of faith
Scrolls
 i - 3 scrolls of identify
Potions
 c - a potion of curing {unknown}
 d - a potion of might {unknown}

Dungeon Overview and Level Annotations

Branches:
Dungeon (2/15)

Altars:


Message History

The gnoll closely misses you.
Your Ranged Weapons skill increases to level 5!
You shoot an arrow. The arrow hits the gnoll.
The gnoll is lightly wounded.
The gnoll hits you but does no damage.
The gnoll hits you from afar with a +0 spear!
You shoot an arrow. The arrow hits the gnoll.
The gnoll is heavily wounded.
The gnoll hits you from afar with a +0 spear.
You shoot an arrow. The arrow barely misses the gnoll. x2
The gnoll completely misses you.
You shoot an arrow. The arrow hits the gnoll.
The gnoll is severely wounded.
The gnoll closely misses you.
You shoot an arrow.
The arrow hits the gnoll but does no damage.
The gnoll is severely wounded.
The gnoll hits you but does no damage. x2
You shoot an arrow. The arrow barely misses the gnoll. x2
The gnoll hits you but does no damage.
You shoot an arrow. The arrow completely misses the gnoll.
The arrow hits the gnoll!
The gnoll is severely wounded.
The gnoll hits you from afar with a +0 spear.
You shoot an arrow. The arrow hits the gnoll!
You kill the gnoll!
The gnoll closely misses you.
You shoot an arrow. The arrow closely misses the gnoll.
The gnoll barely misses you.
You shoot an arrow. The arrow completely misses the gnoll.
The gnoll barely misses you.
You shoot an arrow. The arrow closely misses the gnoll.
The gnoll hits you from afar with a +0 halberd.
You shoot an arrow. The arrow closely misses the gnoll.
The gnoll closely misses you.
The gnoll hits you from afar with a +0 halberd.
You shoot an arrow. The arrow hits the gnoll.
The gnoll is severely wounded.
The gnoll hits you from afar with a +0 halberd!
You die...

.#.## #g# #..... ....######## #)#
##.... ##.........## #####.#####
##.... ###.........###.........#
#..... ........................#
#.....
.............#..........####.....
.............##..................
.>..........###......<.....##....
...#..........##@##.#%...#....#.#
...#..........##)##.#..###.####.#
...#..........##g##....##..##...#
##.#.............###...##.##..#.#
...#..........#....#...##....##..
).........................#####.#
....................#............
..##................#............
..##........[.......##...........


You could see a gnoll.

Vanquished Creatures
  3 gnolls (D:2)
  A worm (D:2)
  An endoplasm (D:2)
  4 giant cockroaches
  A goblin (D:2)
  4 hobgoblins
  A kobold (D:1)
  A quokka (D:1)
  3 ball pythons
  A bat (D:2)
  A rat (D:2)
21 creatures vanquished.

Notes
Turn   | Place    | Note
-------+----------+-------------------------------------------
     0 | D:1      | qw the Gargoyle Hunter began the quest for the Orb.
     0 | D:1      | Reached XP level 1. HP: 12/12 MP: 1/1
     0 | D:1      | 0 ||| qw: Version: 0.3-a-83-gcd0e7d8
     0 | D:1      | 0 ||| qw: Game counter: 1898
     0 | D:1      | 0 ||| qw: Melee chars always use a shield: true
     0 | D:1      | 0 ||| qw: God list: Okawaru
     0 | D:1      | 0 ||| qw: Allow faded altars: false
     0 | D:1      | 0 ||| qw: Do Orc after clearing Dungeon:15 true
     0 | D:1      | 0 ||| qw: Do second Lair branch before Depths: true
     0 | D:1      | 0 ||| qw: Lair rune preference: random
     0 | D:1      | 0 ||| qw: Goals: Normal
     0 | D:1      | 0 ||| PLANNING D:1-11
   244 | D:1      | Reached XP level 2. HP: 17/17 MP: 2/2
   554 | D:1      | 554 ||| UPGRADING to +1 ring mail of fire resistance.
   564 | D:1      | 564 ||| DROPPING +0 leather armour.
   565 | D:1      | 565 ||| UPGRADING to ring of protection from cold.
   566 | D:1      | 566 ||| READING scroll labelled MEPRUI ERRYO.
   569 | D:1      | 569 ||| READING scroll labelled FOETETWYGOU.
   570 | D:1      | 570 ||| READING 2 scrolls labelled PIYLUO NUNK.
   571 | D:1      | 571 ||| DROPPING scroll of butterflies.
   587 | D:2      | 587 ||| STAIRDANCE
   640 | D:2      | Reached skill level 1 in Armour
   646 | D:2      | Identified the +3 leather armour of the Hot Ocelot {Str+7
                  | Int-4}
   901 | D:2      | HP: 2/17 [gnoll/+0 spear (4)]
   902 | D:2      | 902 ||| READING scroll of teleportation.
   905 | D:2      | Reached XP level 3. HP: 4/21 MP: 3/3
  1062 | D:2      | 1062 ||| RETREEAATING.
  1063 | D:2      | 1063 ||| Stepping ~*~*~tactically~*~*~ (retreating).
  1064 | D:2      | 1064 ||| Stepping ~*~*~tactically~*~*~ (retreating).
  1065 | D:2      | 1065 ||| Stepping ~*~*~tactically~*~*~ (retreating).
  1066 | D:2      | 1066 ||| Stepping ~*~*~tactically~*~*~ (retreating).
  1067 | D:2      | 1067 ||| Stepping ~*~*~tactically~*~*~ (retreating).
  1068 | D:2      | 1068 ||| Stepping ~*~*~tactically~*~*~ (retreating).
  1069 | D:2      | 1069 ||| Stepping ~*~*~tactically~*~*~ (retreating).
  1071 | D:2      | Reached skill level 5 in Ranged Weapons
  1082 | D:2      | HP: 5/22 [gnoll/+0 halberd (4)]
  1083 | D:2      | Slain by a gnoll

Levels and vault maps discovered:
D:1:      minmay_arrival_arboretum_small, layout_basic,
          chequers_serial_rivers_large_b
D:2:      layout_rooms

Skill      XL: |  1  2  3 |
---------------+----------+-----
Armour         | 1 |  1.2
Ranged Weapons | 5 |  5.0
Fighting       | |  2.5
Dodging        | |  1.5
Stealth        | |  1.1

Action                     || total
---------------------------++-------
   Fire: Shortbow          ||    83
    Use: Scroll            ||     4
 Armour: Leather armour    ||     4
         Ring mail         ||    23
  Dodge: Dodged            ||    32

Table legend:
 A = Non-vault XP
 B = Vault XP
 C = Vault XP percentage of total XP
 D = Non-vault monster count
 E = Vault monster count
 F = Vault count percentage of total count
                 A         B        C        D         E       F
            +---------+---------+-------+---------+---------+-------
      Total |      77 |       0 |   0.0 |      21 |       0 |   0.0
            +---------+---------+-------+---------+---------+-------
        D:1 |      13 |       0 |   0.0 |       7 |       0 |   0.0
        D:2 |      64 |       0 |   0.0 |      14 |       0 |   0.0
            +---------+---------+-------+---------+---------+-------
